 Dungeon Crawl Stone Soup version 0.20-a0-1089-g3fde505 (webtiles) character file.

725 sveltemanboy the Slasher (level 7, -2/52 HPs)
             Began as a Demonspawn Monk on May 2, 2017.
             Slain by an ogre
             ... wielding a +0 giant spiked club
              (14 damage)
             ... on level 5 of the Dungeon.
             The game lasted 00:08:21 (3474 turns).

sveltemanboy the Slasher (Demonspawn Monk)          Turns: 3474, Time: 00:08:22

Health: -2/52      AC:  6    Str: 11    XL:     7   Next: 43%
Magic:  7/7        EV: 13    Int: 13    God:
Gold:   208        SH:  0    Dex: 20    Spells: 6/6 levels left

rFire    . . .     SeeInvis .   a - +2 rapier (freeze)
rCold    . . .     Gourm    .   (no shield)
rNeg     . . .     Faith    .   d - +0 leather armour
rPois    .         Spirit   .   (no helmet)
rElec    .         Reflect  .   v - +0 cloak
rCorr    .         Harm     .   l - +1 pair of gloves
MR       .....                  (no boots)
Stlth    ++++......             (no amulet)
Regen    0.2/turn               (no ring)
MPRegen  0.1/turn               (no ring)

@: no status effects
A: claws 1, thin skeletal structure 2, powered by death 1
a: no special abilities


You were on level 5 of the Dungeon.
You were not hungry.

You visited 1 branch of the dungeon, and saw 5 of its levels.

You collected 208 gold pieces.

Inventory:

Hand Weapons
 a - a +2 rapier of freezing (weapon)
 b - a +2 dagger of draining
 y - a +0 falchion
Armour
 d - a +0 leather armour (worn)
 l - a +1 pair of gloves (worn)
 v - a +0 cloak (worn)
Wands
 e - a wand of flame (16/48)
 u - a wand of digging (9/24)
Scrolls
 f - 3 scrolls of remove curse {unknown}
 h - 12 scrolls of identify {unknown}
 m - 2 scrolls of recharging {unknown}
 n - a scroll of fog {unknown}
 p - a scroll of noise {unknown}
 q - a scroll of magic mapping {unknown}
 r - 2 scrolls of teleportation {unknown}
 t - 2 scrolls of amnesia {unknown}
 w - a scroll of blinking {unknown}
Potions
 g - 4 potions of heal wounds {unknown}
 i - a potion of degeneration {unknown}
 j - a potion of haste {unknown}
 o - 2 potions of might {unknown}
 s - 3 potions of curing {unknown}
 z - a potion of lignification {unknown}
 A - a potion of invisibility {unknown}
Comestibles
 c - 3 bread rations
 k - 3 chunks of flesh
 x - a royal jelly


   Skills:
 - Level 3.0 Fighting
 * Level 6.7 Long Blades
 - Level 1.0 Armour
 - Level 2.6 Dodging
 + Level 4.8 Stealth


You had 6 spell levels left.
You didn't know any spells.

Dungeon Overview and Level Annotations

Branches:
Dungeon (5/15)
 Temple: D:4-7

Altars:
Qazlal


Innate Abilities, Weirdness & Mutations

You have sharp fingernails.
You have a moderately thin skeletal structure. (Dex +4, Stealth+)
You regenerate a little health from kills.


Message History

The ogre hits you with a giant spiked club!!
You are too injured to fight recklessly!
You are too injured to fight recklessly!
You are too injured to fight recklessly!
You are too injured to fight recklessly!
You hit the ogre.
The ogre is moderately wounded.
You hit the ogre. You drain the ogre!
The ogre is heavily wounded.
The ogre closely misses you.
Your +2 rapier of freezing glows with a cold blue light!
a - a +2 rapier of freezing (weapon)
You barely miss the ogre.
The ogre is moderately wounded.
The ogre hits you with a giant spiked club!
* * * LOW HITPOINT WARNING * * *
You hit the ogre. You freeze the ogre.
The ogre is heavily wounded.
The ogre hits you with a giant spiked club!
You die...

#.......#...........
#...........#.#####.
#.............# #.
#.#........#### #.
#.#...#.#.## #.
#.##.##.#.### #.
#.?.........# ..
####.##.....# .#
#.@.)......# .
#.....O.##^....#
#.###...##.....#
.....##.#####
.#..###.# #.#..# #.#
. .... ..# ## ..<.
.#


You could see an ogre.

Vanquished Creatures
  2 sky beasts
  A phantom (D:5)
  A centaur (D:5)
  An ogre (D:4)
  A hound (D:4)
  5 worker ants
  Terence (D:3)
  A worker ant zombie (D:5)
  5 adders
  2 worms (D:2)
  3 dart slugs
  A leopard gecko (D:3)
  3 orcs
  3 giant cockroaches
  4 goblins
  8 hobgoblins
  11 kobolds
  2 quokkas
  10 bats
  3 frilled lizards
  A leopard gecko skeleton (D:4)
  7 rats
76 creatures vanquished.

Notes
Turn   | Place    | Note
-------+----------+-------------------------------------------
     0 | D:1      | sveltemanboy the Demonspawn Monk began the quest for the Orb.
     0 | D:1      | Reached XP level 1. HP: 18/18 MP: 1/1
    85 | D:1      | Reached skill level 3 in Long Blades
   400 | D:1      | Gained mutation: You have a somewhat thin skeletal structure. (Dex +2, Stealth) [demonic ancestry]
   400 | D:1      | Reached XP level 2. HP: 24/24 MP: 2/2
   781 | D:2      | Noticed Terence
   996 | D:2      | Gained mutation: You have a moderately thin skeletal structure. (Dex +4, Stealth+) [demonic ancestry]
   996 | D:2      | Reached XP level 3. HP: 26/29 MP: 3/3
  1553 | D:2      | Reached skill level 1 in Armour
  1820 | D:2      | Reached XP level 4. HP: 35/35 MP: 4/4
  2018 | D:3      | Reached skill level 4 in Long Blades
  2198 | D:3      | Killed Terence
  2405 | D:3      | Found a stormy altar of Qazlal.
  2406 | D:3      | Noticed a sky beast
  2437 | D:3      | Killed a sky beast
  2437 | D:3      | Reached XP level 5. HP: 13/41 MP: 5/5
  2764 | D:4      | Reached skill level 5 in Long Blades
  2778 | D:4      | Gained mutation: You regenerate a little health from kills. [demonic ancestry]
  2778 | D:4      | Reached XP level 6. HP: 47/47 MP: 6/6
  2784 | D:4      | Noticed a sky beast
  2801 | D:4      | Killed a sky beast
  3191 | D:4      | Reached skill level 6 in Long Blades
  3255 | D:5      | Entered Level 5 of the Dungeon
  3280 | D:5      | Gained mutation: You have sharp fingernails. [demonic ancestry]
  3280 | D:5      | Reached XP level 7. HP: 52/52 MP: 7/7
  3474 | D:5      | Slain by an ogre

Vault maps used:
D:1:      mrwooster_arrival_statue
D:2:      kennysheep_big_flooded_room, first_bread, uniq_terence
D:3:      nicolae_qazlal_eye_of_the_storm
D:5:      serial_shops, nicolae_shop_crystal

Skill      XL: |  1  2  3  4  5  6 |
---------------+-------------------+-----
Long Blades    | 3 4 5 6 |  6.7
Stealth        | 2 3 4 |  4.8
Armour         | 1 |  1.0
Fighting       | |  3.0
Dodging        | |  2.6

Action                   |  1- 3 |  4- 6 |  7- 9 || total
-------------------------+-------+-------+-------++-------
Melee: Falchion          |    23 |       |       ||    23
       Dagger            |   110 |    85 |    16 ||   211
       Rapier            |       |       |    13 ||    13
  Use: Potion            |     1 |     1 |       ||     2
 Stab: Sleeping          |     5 |    13 |     1 ||    19
       Distracted        |       |     1 |       ||     1
  Eat: Chunk             |     3 |     1 |       ||     4
       Bread ration      |       |     1 |       ||     1
Armor: Leather armour    |    31 |    12 |     6 ||    49
Dodge: Dodged            |    73 |    37 |    20 ||   130
       Rpst.: Falchion   |     1 |       |       ||     1
